 Dungeon Crawl Stone Soup version 0.25-a0-424-g80bd347ae0 (webtiles) character file.

Game seed: 12085586325695245983, levelgen mode: deterministic

294 Gargoyl the Skirmisher (level 6, -5/52 HPs)
             Began as a Centaur Abyssal Knight on Jan 20, 2020.
             Was a Believer of Lugonu.
             Killed by nerve-wracking pain
             ... invoked by an orc priest
              (9 damage)
             ... on level 4 of the Dungeon on Jan 22, 2020.
             The game lasted 00:05:33 (3073 turns).

Gargoyl the Skirmisher (Centaur Abyssal Knight)     Turns: 3073, Time: 00:05:34

Health: -5/52      AC:  8    Str: 15    XL:     6   Next: 11%
Magic:  8/8        EV:  5    Int: 11    God:    Lugonu [**....]
Gold:   198        SH:  0    Dex: 10    Spells: 5/5 levels left

rFire    . . .     SeeInvis .   a - +2 hand axe
rCold    . . .     Gourm    .   (no shield)
rNeg     . . .     Faith    .   e - +0 chain mail
rPois    .         Spirit   .   (no helmet)
rElec    .         Reflect  .   (no cloak)
rCorr    .         Harm     .   (no gloves)
MR       .....                  (no barding)
Stlth    ..........             (no amulet)
HPRegen  0.17/turn              (no ring)
MPRegen  0.11/turn              (no ring)

@: very quick
A: large, hooves 3, deformed body, speed 2, tough skin 3
a: Depart the Abyss, Bend Space, Renounce Religion


You were on level 4 of the Dungeon.
You worshipped Lugonu.
Lugonu was pleased with you.
You were not hungry.

You visited 1 branch of the dungeon, and saw 4 of its levels.
You visited the Abyss 1 time.

You collected 198 gold pieces.

Inventory:

Hand Weapons
 a - a +2 hand axe (weapon)
Armour
 e - a +0 chain mail (worn)
Scrolls
 f - a scroll of identify
Potions
 b - 2 potions of curing {unknown}
 d - 4 potions of lignification {unknown}
 g - 3 potions of mutation {unknown}
 h - a potion of might {unknown}
 i - a potion of heal wounds {unknown}
 k - a potion of flight {unknown}
 l - 2 potions of haste {unknown}
 m - a potion of ambrosia {unknown}
 n - a potion of brilliance
Comestibles
 c - 15 rations
 j - 8 chunks of flesh


   Skills:
 + Level 3.9 Fighting
 + Level 3.0 Axes
 * Level 2.9 Armour
 * Level 1.8 Dodging
 * Level 3.1 Invocations


You had 5 spell levels left.
You didn't know any spells.
Your spell library was empty.

Dungeon Overview and Level Annotations

Branches:
Dungeon (4/15)
 Temple: D:4-7

Altars:
Uskayaw
Wu Jian


Innate Abilities, Weirdness & Mutations

You have hooves in place of feet.
Armour fits poorly on your strangely shaped body.
You cover ground very quickly.
You have extremely tough skin. (AC +3)


Message History

Reactivating autopickup.
You feel a bit more experienced.
The phantom blinks!
An orc priest comes into view. It is wielding a +0 short sword.
The orc priest hits you with a +0 flail!
Things that are here:
a +0 dagger; a +0 robe; a cursed -2 war axe You hit the orc priest.
The orc priest is lightly wounded.
The orc priest hits you with a +0 flail!
You slash the orc priest!
The orc priest is heavily wounded.
The orc priest mumbles some strange prayers to Beogh against you.
Beogh smites you!
* * * LOW HITPOINT WARNING * * *
You hit the orc priest but do no damage.
You kick the orc priest.
The orc priest is severely wounded.
The orc priest mumbles some strange prayers to Beogh against you.
Pain shoots through your body!
You die...

.....# ####.# ####.#
..##.# #.##.#
#.##.##########
#.##>..รท....... .+
..##.##############...##
..##............@ooW....
#.#################...##
#.######### .#
#.#.......#
#.#.#####.###
.........)..####
#.#.#####......# #(#.#
#(.....# #.#.# #......#


You could see a phantom and 2 orc priests.

Vanquished Creatures
  2 orc priests (D:4)
  2 hounds
  A centaur skeleton (D:3)
  6 adders
  An adder zombie (D:3)
  2 worms (D:2)
  A dart slug (D:1)
  2 leopard geckos (D:1)
  3 orcs (D:4)
  9 bats
  4 giant cockroaches
  5 goblins
  3 hobgoblins
  13 jackals
  6 kobolds
  A quokka (D:2)
  7 frilled lizards
  2 jackal zombies (D:3)
  2 leopard gecko skeletons (D:3)
  2 rats (D:3)
74 creatures vanquished.

Vanquished Creatures (others)
  An orc wizard (D:4)
1 creature vanquished.

Grand Total: 75 creatures vanquished

Notes
Turn   | Place    | Note
-------+----------+-------------------------------------------
     0 | Abyss:1  | Gargoyl the Centaur Abyssal Knight began the quest for the
                  | Orb.
     0 | Abyss:1  | Reached XP level 1. HP: 19/19 MP: 2/2
    46 | Abyss:1  | Noticed an iron imp
   135 | Abyss:2  | Noticed a small abomination
   174 | Abyss:2  | Noticed a smoke demon
   176 | D:1      | Escaped the Abyss
   380 | D:1      | Reached XP level 2. HP: 19/26 MP: 3/3
   685 | D:1      | Reached * piety under Lugonu
   846 | D:2      | Reached skill level 1 in Dodging
  1033 | D:2      | Reached XP level 3. HP: 31/31 MP: 4/4
  1685 | D:3      | Reached XP level 4. HP: 34/39 MP: 5/5
  1743 | D:3      | Found an ornate altar of the Wu Jian Council.
  1786 | D:3      | Reached ** piety under Lugonu
  2241 | D:3      | Reached XP level 5. HP: 46/46 MP: 7/7
  2997 | D:4      | Found a hide-covered altar of Uskayaw.
  3044 | D:4      | Noticed a phantom
  3060 | D:4      | Reached XP level 6. HP: 42/52 MP: 8/8
  3073 | D:4      | Killed from afar by an orc priest

Levels and vault maps discovered:
D:1:      sevenhm_arrival_forest_fort_small_6, layout_loops_ring
D:2:      layout_rooms, first_ration
D:3:      layout_loops_ring, nicolae_overflow_crystal_walls, serial_undead,
          serial_undead_b, serial_undead_d, serial_undead_a, serial_undead_b
D:4:      layout_basic, kennysheep_mini, marbit_many_paths, uniq_natasha

Skill      XL: |  1  2  3  4  5 |
---------------+----------------+-----
Dodging        | 1 |  1.8
Axes           | 2 3 |  3.0
Armour         | 2 |  2.9
Invocations    | 3 |  3.1
Fighting       | |  3.9

Action                   |  1- 3 |  4- 6 || total
-------------------------+-------+-------++-------
Melee: Hand axe          |   101 |   159 ||   260
       Kick              |    18 |    28 ||    46
Invok: Depart the Abyss  |     1 |       ||     1
  Use: Scroll            |     3 |     3 ||     6
       Potion            |     1 |       ||     1
  Eat: Chunk             |     1 |     5 ||     6
Armor: Chain mail        |    97 |   133 ||   230
Dodge: Dodged            |    28 |    34 ||    62

Table legend:
 A = Non-vault XP
 B = Vault XP
 C = Vault XP percentage of total XP
 D = Non-vault monster count
 E = Vault monster count
 F = Vault count percentage of total count
                 A         B        C        D         E       F
            +---------+---------+-------+---------+---------+-------
      Total |     372 |      49 |  11.6 |      69 |       6 |   8.0
            +---------+---------+-------+---------+---------+-------
        D:1 |      21 |       0 |   0.0 |      10 |       0 |   0.0
        D:2 |      69 |       0 |   0.0 |      22 |       0 |   0.0
        D:3 |     124 |      49 |  28.3 |      24 |       6 |  20.0
        D:4 |     158 |       0 |   0.0 |      13 |       0 |   0.0
            +---------+---------+-------+---------+---------+-------
